 Dungeon Crawl Stone Soup version 0.26-a0-682-g294304f6e8 (webtiles) character file.

Game seed: 304834899435350855

39 Decritt the Firebug (level 3, -4/26 HPs)
             Began as a Draconian Fire Elementalist on Oct 21, 2020.
             Slain by a gnoll (5 damage)
             ... on level 1 of the Dungeon.
             The game lasted 00:03:37 (1663 turns).

Decritt the Firebug (Draconian Fire Elementalist)   Turns: 1663, Time: 00:03:38

Health: -4/26      AC:  5    Str: 10    XL:     3   Next: 26%
Magic:  5/6        EV: 12    Int: 16    God:
Gold:   152        SH:  0    Dex: 11    Spells: 5/6 levels left

rFire    . . .     SeeInvis .   b - +2 short sword (speed)
rCold    . . .     Faith    .   (no shield)
rNeg     . . .     Spirit   .   (armour unavailable)
rPois    .         Reflect  .   (helmet restricted)
rElec    .         Harm     .   (no cloak)
rCorr    .         Rampage  .   (no gloves)
MR       .....                  (no boots)
Stlth    ++........             (no amulet)
HPRegen  0.08/turn              (no ring)
MPRegen  0.10/turn              (no ring)

@: no status effects
A: unfitting armour, cold-blooded, AC +5
a: no special abilities


You were on level 1 of the Dungeon.
You visited 1 branch of the dungeon, and saw 2 of its levels.

You collected 152 gold pieces.

Inventory:

Hand Weapons
 b - a +2 short sword of speed (weapon)
Scrolls
 a - 2 scrolls of teleportation {unknown}
 c - a scroll of random uselessness {unknown}
 e - a scroll of enchant weapon {unknown}
 f - a scroll of remove curse {unknown}
 g - a scroll of identify {unknown}
Potions
 d - a potion of berserk rage {unknown}
 h - a potion of brilliance {unknown}


   Skills:
 - Level 1.7 Dodging
 - Level 1.7 Stealth
 + Level 2.4 Spellcasting
 * Level 2.3 Conjurations
 + Level 3.3 Fire Magic


You had 5 spell levels left.
You knew the following spells:

 Your Spells              Type           Power        Failure   Level
a - Foxfire               Conj/Fire      ##..         6%          1

Your spell library contained the following spells:

 Spells                   Type           Power        Failure   Level
 Conjure Flame            Conj/Fire      ##......     19%         3
 Inner Flame              Hex/Fire       #.......     30%         3
 Sticky Flame             Conj/Fire      ##......     52%         4
 Fireball                 Conj/Fire      ##........   86%         5


Dungeon Overview and Level Annotations

Branches:
Dungeon (2/15)

Altars:


Innate Abilities, Weirdness & Mutations

Your plain brown scales are hard. (AC +5)
You cannot fit into any form of body armour.
You are cold-blooded and may be slowed by cold attacks.


Message History

There is a stone staircase leading down here.
Casting: Foxfire (safe; 6% risk of failure)
Confirm with . or Enter, or press ? or * to list all spells.
You conjure some foxfire!
The gnoll hits you!
* * * LOW HITPOINT WARNING * * *
The foxfire hits the gnoll.
The gnoll is moderately wounded.
The foxfire hits the gnoll.
The gnoll is heavily wounded.
The gnoll closely misses you.
You are too injured to fight recklessly!
You are too injured to fight recklessly!
You are too injured to fight recklessly!
You are too injured to fight recklessly!
You are too injured to fight recklessly!
You are too injured to fight recklessly!
You hit the gnoll.
The gnoll is severely wounded.
The gnoll hits you.
You die...

##...# ######.#...>...#
####.# ##.........(....#
.....####
##..............##
###.....###..............##
##.....................#
#..........)..........#
#.....................#
#............g........#
##............@.......##
###....................##
.(...........###########
####.........# ###########


You could see a gnoll.

Vanquished Creatures
  2 adders (D:2)
  2 giant cockroaches
  6 goblins
  A hobgoblin (D:1)
  3 bats (D:1)
  4 frilled lizards
  3 kobolds (D:1)
  A rat (D:1)
22 creatures vanquished.

Vanquished Creatures (others)
  53 foxfires
  3 fungi (D:2)
  3 toadstools (D:2)
59 creatures vanquished.

Grand Total: 81 creatures vanquished

Notes
Turn   | Place    | Note
-------+----------+-------------------------------------------
     0 | D:1      | Decritt the Draconian Fire Elementalist began the quest for
                  | the Orb.
     0 | D:1      | Reached XP level 1. HP: 14/14 MP: 3/3
   655 | D:1      | Reached XP level 2. HP: 20/20 MP: 5/5
  1278 | D:2      | Reached XP level 3. HP: 22/26 MP: 1/6
  1658 | D:1      | HP: 1/26 [gnoll (7)]
  1663 | D:1      | Slain by a gnoll

Illustrated notes

Levels and vault maps discovered:
D:1:      scummos_arrival_simple_fountains, layout_rooms
D:2:      layout_basic, minmay_gold_behind_fungi, grunt_decor_fettered,
          minmay_cut_off

Skill      XL: |  1  2 |
---------------+-------+-----
Conjurations   | 2 |  2.3
Dodging        | |  1.7
Stealth        | |  1.7
Spellcasting   | |  2.4
Fire Magic     | |  3.3

Action                   || total
-------------------------++-------
Melee: Short sword       ||    23
       Tailslap          ||     2
       Unarmed           ||     1
 Cast: Foxfire           ||    35
Armor: Skin              ||    12
Dodge: Dodged            ||    48

Table legend: (Time is in decaauts)
 A = Elapsed time spent in this place.
 B = Non-inter-level travel time spent in this place.
 C = Inter-level travel time spent in this place.
 D = Time resting spent in this place.
 E = Time spent auto-exploring this place.
 F = Levels seen in this place.
 G = Mean time per level.
                   A        B        C        D        E       F      G
               +--------+--------+--------+--------+--------+-----+--------+
         Total |   1658 |   1624 |     34 |    562 |    796 |   2 |  829.0 |
       Dungeon |   1658 |   1624 |     34 |    562 |    796 |   2 |  829.0 |
               +--------+--------+--------+--------+--------+-----+--------+

Top non-repeatable levels by time:
     D:1: 1238 daAuts
     D:2: 419 daAuts
